 Dungeon Crawl Stone Soup version 0.29.1-15-g9cfb28693d (webtiles) character file.

Game seed: 14794985060141062342

55 Cheops the Slasher (level 3, -7/27 HPs)
             Began as a Demonspawn Gladiator on Apr 13, 2023.
             Mangled by a gnoll
             ... wielding a +0 flail
              (8 damage)
             ... on level 2 of the Dungeon.
             The game lasted 00:04:01 (1868 turns).

Cheops the Slasher (Demonspawn Gladiator)           Turns: 1868, Time: 00:04:01

Health: -7/27      AC:  5    Str: 14    XL:     3   Next: 67%
Magic:  3/3        EV: 12    Int:  9    God:
Gold:   130        SH:  0    Dex: 16    Spells: 2/2 levels left

rFire   . . .      SeeInvis .   a - +0 long sword
rCold   . . .      Faith    .   (no shield)
rNeg    . . .      Spirit   .   b - +0 leather armour
rPois   .          Reflect  .   (helmet restricted)
rElec   .          Harm     .   l - +0 cloak
rCorr   .          Rampage  .   (no gloves)
Will    .....                   m - +0 pair of boots
Stlth   +.........              (no amulet)
HPRegen 0.09/turn               (no ring)
MPRegen 0.08/turn               (no ring)

@: no status effects
A: antennae 1
a: no special abilities


You were on level 2 of the Dungeon.
You visited 1 branch of the dungeon, and saw 2 of its levels.

You collected 130 gold pieces.

Inventory:

Hand Weapons
 a - a +0 long sword (weapon)
Missiles
 d - 3 throwing nets (quivered)
 e - 3 javelins
 n - 2 boomerangs
Armour
 b - a +0 leather armour (worn)
 l - a +0 cloak (worn)
 m - a +0 pair of boots (worn)
Jewellery
 c - an amulet of faith
Scrolls
 g - a scroll of identify {unknown}
 i - a scroll of acquirement {unknown}
 j - 3 scrolls of enchant weapon {unknown}
 k - 3 scrolls of teleportation {unknown}
Potions
 f - a potion of attraction {unknown}


   Skills:
 - Level 2.0 Fighting
 + Level 4.3 Long Blades
 - Level 1.7 Throwing
 - Level 2.6 Dodging


You had 2 spell levels left.
You didn't know any spells.
Your spell library was empty.

Dungeon Overview and Level Annotations

Branches:
Dungeon (2/15)

Altars:


Innate Abilities, Weirdness & Mutations

You have a pair of small antennae on your head.


Message History

The gnoll misses you.
You barely miss the adder.
The adder is severely wounded.
You feel sick. The adder closely misses you. The adder misses you.
The gnoll completely misses you. The gnoll closely misses you.
You barely miss the adder.
The adder is severely wounded.
You feel sick. The adder bites you but does no damage.
The gnoll barely misses you. The gnoll closely misses you.
You catch the helpless adder completely off-guard!
You hit the adder.
You kill the adder!
You feel sick.
You are no longer poisoned.
The gnoll closely misses you. x2
You strike the helpless kobold from behind!
You hit the kobold.
You kill the kobold!
The gnoll shouts!
The gnoll misses you. The gnoll closely misses you.
You see here a +0 club.
There is an open door here.
You barely miss the gnoll. The gnoll barely misses you.
You hit the gnoll.
The gnoll is moderately wounded.
The gnoll hits you with a +0 flail!
* * * LOW HITPOINT WARNING * * *
There is an open door, spattered with blood here.
You reach down and open the door.
There is an open door here.
You flicker for a moment.
You are starting to lose your buoyancy.
You flicker back into view.
The gnoll attacks as you move away! The gnoll misses you.
The gnoll attacks as you move away! The gnoll misses you.
The gnoll attacks as you move away! The gnoll hits you with a +0 flail.
* * * LOW HITPOINT WARNING * * *
You float gracefully downwards.
The gnoll attacks as you move away! The gnoll hits you with a +0 flail!
You die...

# .#.# #.######.#†# ## # ...
#.##.......# # # #.# #........###
# ## #.##### ####.##### ## .##
#.g.g.# #.# ##. .g## ##..##g#
##.##### ##.. ...##
##...##{#####......# ##.).
....####.....#.##.........###....
....g..........g@...........'....
....####.....#.##.##......###....
...######.#...†##.##......# ##...
..## #.........##.##......# ##..
.## #.##.......#.##...#.## ##. ##
#.##.......#.###.##.######## ##
#.##.......#.###.##......... .#
#........###........<####### .#
###.##...# #####.###.# ##


You could see a gnoll.

Vanquished Creatures
  An adder (D:2)
  A worm (D:2)
  A dart slug (D:2)
  4 ball pythons
  6 endoplasms (D:1)
  3 giant cockroaches
  3 hobgoblins (D:1)
  4 quokkas
  7 bats (D:1)
  2 frilled lizards
  A goblin (D:2)
  3 kobolds
  2 rats
  2 toadstools (D:1)
40 creatures vanquished.

Vanquished Creatures (others)
  2 toadstools (D:1)
2 creatures vanquished.

Grand Total: 42 creatures vanquished

Notes
Turn   | Place    | Note
-------+----------+-------------------------------------------
     0 | D:1      | Cheops the Demonspawn Gladiator began the quest for the
                  | Orb.
     0 | D:1      | Reached XP level 1. HP: 16/16 MP: 1/1
   110 | D:1      | Reached skill level 3 in Long Blades
   149 | D:1      | Gained mutation: You have a pair of small antennae on your
                  | head. [demonic ancestry]
   149 | D:1      | Reached XP level 2. HP: 18/22 MP: 2/2
   358 | D:1      | Found a faded altar of an unknown god.
  1135 | D:1      | Reached XP level 3. HP: 27/27 MP: 3/3
  1563 | D:2      | Reached skill level 4 in Long Blades
  1867 | D:2      | HP: 1/27 [gnoll/+0 flail (4)]
  1868 | D:2      | Mangled by a gnoll

Illustrated notes

Levels and vault maps discovered:
D:1:      ldierk_water_garden, layout_loops_corners,
          hellmonk_ecumenical_altar_run_dry, kennysheep_decorative_pillar,
          minmay_misc_feat_alley
D:2:      layout_loops_corners

Skill      XL: |  1  2  3 |
---------------+----------+-----
Long Blades    | 3 4 |  4.3
Fighting       | |  2.0
Throwing       | |  1.7
Dodging        | |  2.6

Action                   || total
-------------------------++-------
Melee: Long sword        ||   111
  Use: Potion            ||     3
 Stab: Invisible         ||     4
       Sleeping          ||     2
Armor: Leather armour    ||    48
Dodge: Dodged            ||   106
